 Dungeon Crawl Stone Soup version 0.18.1-48-g4cf74bf (webtiles) character file.

2569 Heedrag the Destroyer (level 9, -5/45 HPs)
             Began as a Deep Elf Conjurer on Aug 1, 2016.
             Was a Believer of Vehumet.
             Slain by a killer bee (7 damage)
             ... on level 7 of the Dungeon.
             The game lasted 00:17:49 (7227 turns).

Heedrag the Destroyer (Deep Elf Conjurer)           Turns: 7227, Time: 00:17:50

Health: -5/45      AC:  2    Str:  8    XL:     9   Next: 31%
Magic:  4/24       EV: 13    Int: 21    God:    Vehumet [**....]
Gold:   317        SH:  0    Dex: 15    Spells: 6 memorised, 9 levels left

rFire  . . .     SeeInvis +     v - staff of wizardry
rCold  . . .     Gourm    .     a - +0 robe
rNeg   . . .     Faith    .     (no shield)
rPois  .         Spirit   .     (no helmet)
rElec  .         Dismiss  .     (no cloak)
rCorr  .         Reflect  .     (no gloves)
SustAt .         Harm     .     (no boots)
MR     .....                    A - amulet of magic regeneration
Stlth  ++........               (no ring)
                                r - ring of see invisible

@: lethally poisoned (-5 -> -8), not resistant to hostile enchantments,
unstealthy
A: no striking features
a: Renounce Religion


You were on level 7 of the Dungeon.
You worshipped Vehumet.
Vehumet was pleased with you.
You were hungry.

You visited 2 branches of the dungeon, and saw 8 of its levels.

You collected 362 gold pieces.
You spent 45 gold pieces at shops.

Inventory:

Hand Weapons
 u - a +2 dagger of distortion
 x - a +0 dagger of electrocution
Armour
 a - a +0 robe (worn)
 s - a +0 shield
 y - a cursed +0 buckler
Magical Staves
 v - an uncursed staff of wizardry (weapon)
Jewellery
 r - a ring of see invisible (left hand)
 A - an amulet of magic regeneration (around neck)
Wands
 g - a wand of flame (31/48)
 B - a wand of flame (37/48)
Scrolls
 e - 3 scrolls of identify {unknown}
 f - 2 scrolls of enchant armour {unknown}
 k - a scroll of random uselessness {unknown}
 l - 6 scrolls of teleportation
 m - 3 scrolls of remove curse {unknown}
 n - a scroll of recharging {unknown}
 t - a scroll of amnesia {unknown}
 z - a scroll of immolation {unknown}
 E - a scroll of holy word {unknown}
Potions
 d - 2 potions of resistance {unknown}
 j - a potion of degeneration {unknown}
 o - 2 potions of curing {unknown}
 p - a potion of cancellation {unknown}
 w - a potion of lignification {unknown}
 D - a potion of flight {unknown}
Books
 b - a book of Conjurations

   Spells                             Type                      Level
   a - Magic Dart                     Conjuration                  1
   b - Searing Ray                    Conjuration                  2
   c - Dazzling Spray                 Conjuration/Hexes            3
   d - Fulminant Prism                Conjuration/Hexes            4
   e - Iskenderun's Mystic Blast      Conjuration                  4
   f - Iskenderun's Battlesphere      Conjuration/Charms           5
 C - a book of Minor Magic

   Spells                             Type                      Level
   a - Magic Dart                     Conjuration                  1
   b - Blink                          Translocation                2
   c - Call Imp                       Summoning                    2
   d - Repel Missiles                 Charms/Air                   2
   e - Slow                           Hexes                        2
   f - Conjure Flame                  Conjuration/Fire             3
   g - Mephitic Cloud                 Conjuration/Poison/Air       3
Comestibles
 c - 3 bread rations
 h - 12 fruits
 i - 2 slices of pizza
 q - a chunk of flesh
 F - a beef jerky


   Skills:
 - Level 2.4 Dodging
 - Level 2.4 Stealth
 + Level 9.0 Spellcasting
 * Level 11.0 Conjurations
 + Level 8.0 Charms


You had 9 spell levels left.
You knew the following spells:

 Your Spells              Type           Power        Failure   Level  Hunger
a - Magic Dart            Conj           ####         1%          1    None
b - Dazzling Spray        Conj/Hex       ####..       1%          3    None
c - Iskenderun's Mystic   Conj           ######..     1%          4    ###....
d - Iskenderun's Battles  Conj/Chrm      #####...     1%          5    #####..
e - Repel Missiles        Chrm/Air       ####..       1%          2    None
f - Blink                 Tloc           N/A          4%          2    None


Dungeon Overview and Level Annotations

Branches:
Dungeon (7/15)             Temple (1/1) D:4

Altars:
Cheibriados
Dithmenos
Elyvilon
Gozag
Kikubaaqudgha
Makhleb
Okawaru
Pakellas
Qazlal
Ru
Trog
Vehumet
Xom
Yredelemnul
Zin
The Shining One

Shops:
D:6 ?


Message History

Yer Spellcastin' skill increases ta level 9!
Yer Conjurations skill increases ta level 11!
Tha mestic blast hits tha killer bee.
Tha killer bee be almost dead.
Tha killer bee stin's ye!
* * * LOW HITPOINT WARNIN'
* * * Ye be leth'lly poison'd!
Tha killer bee poisons ye!
Yer battlesphere fires!
Tha killer bee barely misses ye.
Castin': Iskenderun's Mestic Blast Confirm wit' . or Enter, or press ? or * ta list all spells.
Aimin': Iskenderun's Mestic Blast
Press: ? - help, Shift-Dir - straight line, f - killer bee
Aim: a killer bee (almost dead) Tha orb o' energy misses tha killer bee.
Tha orb o' energy 'splodes!
* * * LOW HITPOINT WARNIN'
* * * Ye feel sick.
Tha killer bee stin's ye!
Ye die...

.... ######...##..+
...###...##...##..#
...'......#....#..#
...#......'....#..#
...#.....####'##..#
...#.....##...##.>#
...#......#...#...#
####......#...'.*.#
..........#...#.@y#
..........#...##†##
..##.....##...##..#
####.....##...##..#
...#.....###+###..'....#
...#..... ....#....#
...# ......#....# ...#
........# ...# ...##
#...##..# ...#


You could see a killer bee and a friendly battlesphere (wandering).

Vanquished Creatures
  Prince Ribbit (D:6)
  Sigmund (D:4)
  A sky beast (D:6)
  An ogre (D:4)
  A phantom (D:7)
  2 centaurs (D:7)
  6 giant frogs
  2 scorpions
  2 killer bees (D:7)
  5 wights (D:6)
  3 howler monkeys
  2 crimson imps
  4 hounds
  2 centaur zombies
  2 orc priests (D:3)
  A gnoll shaman (D:7)
  2 iguanas
  5 orc wizards
  Terence (D:3)
  2 worker ants
  A hound zombie (D:7)
  3 hound skeletons
  11 gnolls
  5 adders
  A shadow imp (D:6)
  3 adder skeletons (D:3)
  2 worms
  A dart slug (D:2)
  4 giant geckos
  14 orcs
  2 ball pythons
  5 giant cockroaches
  9 hobgoblins
  9 jackals
  7 quokkas
  10 bats
  7 giant newts
  4 goblins
  3 jackal skeletons
  4 kobolds
  2 quokka skeletons
  A quokka zombie (D:5)
  4 rats
  A plant (D:5)
159 creatures vanquished.

Notes
Turn   | Place    | Note
--------------------------------------------------------------
     0 | D:1      | Heedrag the Deep Elf Conjurer began the quest for the Orb.
     0 | D:1      | Reached XP level 1. HP: 10/10 MP: 6/6
   355 | D:1      | Reached XP level 2. HP: 15/15 MP: 5/8
   657 | D:2      | Reached skill level 5 in Conjurations
   726 | D:2      | Found a bloodstained altar of Trog.
   924 | D:2      | Reached XP level 3. HP: 19/19 MP: 8/10
   970 | D:2      | Found a faded altar to an unknown god.
  1338 | D:2      | Found a glowing golden altar of the Shining One.
  1339 | D:2      | Found a glowing silver altar of Zin.
  1816 | D:3      | Reached XP level 4. HP: 22/24 MP: 9/12
  1828 | D:3      | Learned a level 3 spell: Dazzling Spray
  1833 | D:3      | Learned a level 4 spell: Iskenderun's Mystic Blast
  1876 | D:3      | Reached skill level 6 in Conjurations
  2071 | D:3      | Reached XP level 5. HP: 24/28 MP: 4/13
  2154 | D:3      | Noticed Terence
  2408 | D:3      | Learned a level 5 spell: Iskenderun's Battlesphere
  2758 | D:4      | Found a sacrificial altar of Ru.
  2918 | D:4      | Reached skill level 5 in Spellcasting
  2918 | D:4      | Reached skill level 1 in Charms
  3047 | D:4      | Found a staircase to the Ecumenical Temple.
  3050 | D:4      | Noticed Sigmund
  3058 | Temple   | Entered the Ecumenical Temple
  3093 | Temple   | Became a worshipper of Vehumet
  3324 | D:4      | Reached skill level 7 in Conjurations
  3560 | D:3      | Reached XP level 6. HP: 23/32 MP: 10/15
  4800 | D:3      | Killed Terence
  4872 | D:4      | Reached XP level 7. HP: 36/36 MP: 2/17
  5078 | D:4      | Killed Sigmund
  5078 | D:4      | Reached skill level 8 in Conjurations
  5238 | D:5      | Entered Level 5 of the Dungeon
  5347 | D:5      | Reached * piety under Vehumet
  5347 | D:5      | Offered knowledge of Sting by Vehumet.
  5496 | D:5      | Found a shadowy altar of Dithmenos.
  5901 | D:5      | Reached skill level 5 in Charms
  5973 | D:5      | Reached XP level 8. HP: 40/41 MP: 16/20
  6041 | D:6      | Reached skill level 9 in Conjurations
  6150 | D:6      | Noticed Prince Ribbit
  6169 | D:6      | Killed Prince Ribbit
  6247 | D:6      | Noticed a hill giant
  6546 | D:6      | Learned a level 2 spell: Repel Missiles
  6549 | D:6      | Learned a level 2 spell: Blink
  6556 | D:6      | Found an oddly glowing altar of Pakellas.
  6840 | D:6      | Reached ** piety under Vehumet
  6840 | D:6      | Offered knowledge of Throw Frost by Vehumet.
  6840 | D:6      | Reached skill level 10 in Conjurations
  6843 | D:6      | Found Potil's Magic Scroll Boutique.
  6882 | D:6      | Bought a scroll of teleportation for 45 gold pieces
  6985 | D:6      | Reached XP level 9. HP: 45/45 MP: 17/23
  7226 | D:7      | Reached skill level 11 in Conjurations
  7227 | D:7      | HP: 2/45 [poisoned by a killer bee]
  7227 | D:7      | Slain by a killer bee

Skill      XL: |  1  2  3  4  5  6  7  8  9 |
---------------+----------------------------+-----
Conjurations   | 5 6 7 8 10 11 | 11.0
Spellcasting   | 4 5 6 8 9 |  9.0
Charms         | 1 3 5 7 8 |  8.0
Dodging        | |  2.4
Stealth        | |  2.4

Action                   |  1- 3 |  4- 6 |  7- 9 || total
-------------------------+-------+-------+-------++-------
Melee: Dagger            |     6 |       |    10 ||    16
       Staff             |       |       |     1 ||     1
 Cast: Magic Dart        |    72 |   180 |   173 ||   425
       Dazzling Spray    |       |    11 |     4 ||    15
       Iskenderun's Batt |       |       |    14 ||    14
       Iskenderun's Myst |       |       |     4 ||     4
 Stab: Sleeping          |     1 |       |       ||     1
  Eat: Chunk             |     2 |     5 |     6 ||    13
       Meat ration       |       |     1 |     1 ||     2
Armor: Robe              |     4 |     2 |     6 ||    12
Dodge: Dodged            |    11 |    24 |    53 ||    88
